[Event "Titled Tuesday Blitz May 10 Early 2022"]
[White "Broca Jimenez, Fernando"]
[Black "Li, Hui"]
[WhiteFideId "5104742"]
[BlackFideId "15400310"]
[WhiteElo "2062"]
[BlackElo "1954"]
[Result "0-1"]
[Round "08"]
[TimeControl "180+1"]
[Date "2022.05.11"]
[WhiteClock "0:00:05"]
[BlackClock "0:02:15"]

1. e4 e5 2. Nf3 Nf6 3. Nxe5 d6 4. Nf3 Nxe4 5. d4 d5 6. Bd3 Be7 7. O-O Nc6 8. Re1 Bg4 9. c3 f5 10. h3 Bh5 11. Nbd2 O-O 12. Qc2 Kh8 13. Ne5 Nxe5 14. dxe5 Bc5 15. Nxe4 fxe4 16. Rf1 exd3 0-1


[Site "https://www.chess.com"]

[Event "Titled Tuesday Blitz May 10 Early 2022"]
[White "Carlsen, Magnus"]
[Black "Xiong, Jeffery"]
[WhiteFideId "1503014"]
[BlackFideId "2047640"]
[WhiteElo "2832"]
[BlackElo "2727"]
[Result "1-0"]
[Round "08"]
[TimeControl "180+1"]
[Date "2022.05.10"]
[WhiteClock "0:00:05"]
[BlackClock "0:00:01"]

1. b3 d5 2. Bb2 Bf5 3. Nf3 e6 4. g3 h6 5. Bg2 Nf6 6. d3 Be7 7. Nbd2 O-O 8. O-O Bh7 9. c4 c6 10. a3 a5 11. Ra2 Nbd7 12. Qa1 Re8 13. Bc3 Bd6 14. Ne5 Nxe5 15. Bxe5 Bxe5 16. Qxe5 Nd7 17. Qc3 b5 18. Rc1 Qe7 19. cxd5 cxd5 20. Qc6 Reb8 21. Nf3 Bg6 22. Nd4 Ne5 23. Qc5 Qf6 24. Nc6 Nxc6 25. Qxc6 Kh7 26. Rac2 b4 27. a4 Bf5 28. Qd6 Bg6 29. Qf4 Qd8 30. h4 Rc8 31. Bf3 h5 32. Rc7 Rxc7 33. Qxc7 Qf6 34. Kg2 Qb2 35. Qc2 Qe5 36. Qd2 Ra7 37. Rc5 Qd4 38. Qc2 Qf6 39. Rc8 Qd4 40. Qc6 Bf5 41. Bxh5 Kh6 42. Rh8+ Bh7 43. Qe8 1-0


[Site "https://www.chess.com"]

[Event "Titled Tuesday Blitz May 10 Early 2022"]
[White "Ceres, Dragos"]
[Black "Ferreira, Vitor Hugo Vieira"]
[WhiteFideId "13905864"]
[BlackFideId "2119765"]
[WhiteElo "2150"]
[BlackElo "2165"]
[Result "0-1"]
[Round "08"]
[TimeControl "180+1"]
[Date "2022.05.11"]
[WhiteClock "0:00:21"]
[BlackClock "0:00:14"]

1. e4 c5 2. Nf3 d6 3. Bb5+ Bd7 4. Bd3 Nc6 5. h3 g6 6. c3 Bg7 7. O-O Nf6 8. Re1 O-O 9. Bf1 Rc8 10. d4 e5 11. dxc5 dxc5 12. Na3 Be6 13. Ng5 Qe7 14. Nxe6 Qxe6 15. Nc4 Rfd8 16. Qc2 b5 17. Ne3 c4 18. a4 a6 19. axb5 axb5 20. Qb1 Nd4 21. Nd5 Nb3 22. Nxf6+ Qxf6 23. Ra7 Nd2 24. Qc2 Nxf1 25. Rxf1 Rd3 26. Be3 Qh4 27. Rfa1 Qxe4 28. Qe2 Rcd8 29. Rc7 Bh6 30. Raa7 Rxe3 31. fxe3 Bxe3+ 32. Kh1 Qb1+ 33. Kh2 Bf4+ 34. g3 Rd2 35. Qxd2 Bxd2 36. Rxf7 Bh6 37. Rab7 Qxb2+ 38. Kh1 Qb1+ 39. Kg2 Qe4+ 40. Kh2 Qe2+ 41. Kh1 Qe1+ 42. Kh2 Qxc3 43. Rxh7 Qd2+ 44. Kh1 Qd5+ 45. Kh2 Bf8 46. Rhd7 Qe4 47. Rb8 Qe2+ 48. Kh1 Qf1+ 49. Kh2 Qf2+ 50. Kh1 Qf5 51. Rdd8 Qxh3+ 52. Kg1 Qxg3+ 53. Kf1 Qf4+ 54. Ke2 e4 55. Kd1 Qf3+ 56. Kd2 e3+ 57. Ke1 e2 58. Rxf8+ Qxf8 59. Rxf8+ Kxf8 60. Kxe2 Ke7 61. Kd2 Kd7 62. Kc3 Kc6 63. Kb4 Kb6 64. Kc3 Kc5 65. Kd2 b4 66. Ke3 c3 67. Kf4 Kc4 68. Kg5 c2 69. Kxg6 b3 70. Kf5 b2 71. Ke5 b1=Q 72. Kd6 c1=Q 73. Kc6 Qb5+ 74. Kc7 Qf4+ 75. Kd8 Qf8+ 76. Kc7 Qbb8+ 77. Kc6 Qbc8+ 78. Kb6 Qd6+ 79. Ka5 Qda6# 0-1


[Site "https://www.chess.com"]

[Event "Titled Tuesday Blitz May 10 Early 2022"]
[White "Chernomordik, Pavel"]
[Black "Petrova, Irina"]
[WhiteFideId "2804530"]
[BlackFideId "14124122"]
[WhiteElo "2220"]
[BlackElo "1993"]
[Result "0-1"]
[Round "08"]
[TimeControl "180+1"]
[Date "2022.05.11"]
[WhiteClock "0:00:55"]
[BlackClock "0:00:47"]

1. e4 c5 2. Nc3 Nc6 3. Bb5 Nd4 4. Bc4 e6 5. Nge2 a6 6. Nxd4 cxd4 7. Ne2 b5 8. Bb3 Qb6 9. d3 Bb4+ 10. Bd2 Be7 11. O-O Bb7 12. a4 Nf6 13. h3 O-O 14. f4 d5 15. e5 Nd7 16. Qe1 Nc5 17. Ba5 Qc6 18. Nxd4 Qd7 19. f5 Nxb3 20. cxb3 Bc5 21. Rf4 exf5 22. Bb4 Bxd4+ 23. Rxd4 Rfe8 24. Qg3 Re6 25. Bc3 Rae8 26. axb5 axb5 27. Rf4 Rg6 28. Qf2 d4 29. Qxd4 Rxg2+ 30. Kf1 Qc6 31. Rxf5 Rh2 32. e6 Qg2+ 33. Ke1 Qe2# 0-1


[Site "https://www.chess.com"]

[Event "Titled Tuesday Blitz May 10 Early 2022"]
[White "Clarke, Brandon G I"]
[Black "Wagh Suyog"]
[WhiteFideId "400319"]
[BlackFideId "25071688"]
[WhiteElo "2414"]
[BlackElo "2181"]
[Result "1-0"]
[Round "08"]
[TimeControl "180+1"]
[Date "2022.05.10"]
[WhiteClock "0:02:05"]
[BlackClock "0:01:25"]

1. e4 c5 2. Nf3 Nc6 3. d4 cxd4 4. Nxd4 Nf6 5. Nc3 d6 6. Bg5 e6 7. Qd2 a6 8. O-O-O Be7 9. f4 Bd7 10. Nf3 b5 11. Bxf6 gxf6 12. Kb1 Qb6 13. f5 O-O-O 14. g3 Ne5 15. Nd4 Kb8 16. Bh3 b4 17. Nce2 d5 18. fxe6 fxe6 19. exd5 exd5 20. Bxd7 Rxd7 21. Nf4 Ka7 22. Rhe1 Bc5 23. Nb3 Nc4 24. Qd3 Ne5 25. Qf5 Rd6 26. Nxd5 Qd8 27. Nxc5 Rxd5 28. Rxd5 Qxd5 29. Qxf6 Qxc5 30. Qxh8 1-0


[Site "https://www.chess.com"]

[Event "Titled Tuesday Blitz May 10 Early 2022"]
[White "Clawitter, Craig"]
[Black "Cramling Bellon, Anna"]
[WhiteFideId "2023105"]
[BlackFideId "32009232"]
[WhiteElo "2281"]
[BlackElo "1905"]
[Result "0-1"]
[Round "08"]
[TimeControl "180+1"]
[Date "2022.05.11"]
[WhiteClock "0:00:02"]
[BlackClock "0:00:02"]

1. e4 c5 2. Nf3 e6 3. d4 cxd4 4. Nxd4 Nc6 5. Nc3 a6 6. Be3 Qc7 7. Qd2 Nf6 8. O-O-O Bb4 9. f3 d5 10. a3 Ba5 11. Nb3 Bxc3 12. Qxc3 dxe4 13. Bc5 Qe5 14. Qd2 e3 15. Bxe3 O-O 16. Bd3 Bd7 17. Rhe1 Qc7 18. g4 Nd5 19. Bc5 Rfd8 20. c4 b6 21. Bf2 Ne5 22. Bg3 Nxd3+ 23. Qxd3 Qc6 24. Nd4 Qc5 25. Kb1 Nf6 26. g5 Nh5 27. Re5 Qc8 28. f4 Nxg3 29. hxg3 Ba4 30. Rh1 g6 31. Re2 Qd7 0-1


[Site "https://www.chess.com"]

[Event "Titled Tuesday Blitz May 10 Early 2022"]
[White "Czerw, Dawid"]
[Black "Ianov, Viktor"]
[WhiteFideId "1145746"]
[BlackFideId "14102730"]
[WhiteElo "2125"]
[BlackElo "2152"]
[Result "1-0"]
[Round "08"]
[TimeControl "180+1"]
[Date "2022.05.11"]
[WhiteClock "0:00:25"]
[BlackClock "0:01:08"]

1. d4 d6 2. e4 Nf6 3. Nc3 c6 4. Nf3 Bg4 5. h3 Bh5 6. g4 Bg6 7. Qe2 e6 8. h4 h5 9. g5 Nfd7 10. Bh3 Be7 11. Be3 d5 12. Nd2 Na6 13. a3 O-O 14. f4 dxe4 15. Ndxe4 Qa5 16. Ng3 Nb4 17. Rc1 Nd5 18. Bd2 Qc7 19. O-O Rfe8 20. Nxh5 Bd6 21. Nxd5 cxd5 22. Ng3 Nb6 23. h5 Bh7 24. c3 Nc4 25. Be3 Qb6 26. Rf2 Rac8 27. Re1 Qc7 28. Bc1 b5 29. g6 fxg6 30. Bxe6+ Kf8 31. hxg6 Bxg6 32. Rh2 1-0


[Site "https://www.chess.com"]

[Event "Titled Tuesday Blitz May 10 Early 2022"]
[White "Danaci, Ege"]
[Black "Zaksaite, Salomeja"]
[WhiteFideId "34506748"]
[BlackFideId "12801496"]
[WhiteElo "1799"]
[BlackElo "1953"]
[Result "1-0"]
[Round "08"]
[TimeControl "180+1"]
[Date "2022.05.11"]
[WhiteClock "0:01:24"]
[BlackClock "0:00:20"]

1. e4 c5 2. Nc3 e6 3. g3 d5 4. exd5 exd5 5. Bg2 d4 6. Nd5 Nc6 7. d3 Be6 8. Nf4 Bd7 9. Nf3 Be7 10. O-O Nf6 11. Nd2 O-O 12. Re1 Bd6 13. Nc4 Be7 14. a4 Rb8 15. Bd2 b6 16. Nh5 a6 17. Nxf6+ Bxf6 18. Qh5 g6 19. Qd5 Rc8 20. a5 Be6 21. Qxd8 Rfxd8 22. axb6 Bxc4 23. dxc4 d3 24. cxd3 Rxd3 25. b7 Rb8 26. Bxc6 Rxd2 27. Rxa6 Kg7 28. Ra8 Rdd8 29. f4 Bxb2 30. Rxb8 Rxb8 31. Re8 Bd4+ 32. Kg2 1-0


[Site "https://www.chess.com"]

[Event "Titled Tuesday Blitz May 10 Early 2022"]
[White "Daneshvar, Bardiya"]
[Black "Nenezic, Marko"]
[WhiteFideId "12576468"]
[BlackFideId "912123"]
[WhiteElo "2330"]
[BlackElo "2457"]
[Result "1-0"]
[Round "08"]
[TimeControl "180+1"]
[Date "2022.05.10"]
[WhiteClock "0:00:09"]
[BlackClock "0:00:33"]

1. d4 Nf6 2. c4 g6 3. Nc3 Bg7 4. e4 d6 5. Nf3 O-O 6. Be2 e5 7. O-O Nbd7 8. Be3 Qe7 9. d5 Ng4 10. Bg5 f6 11. Bd2 f5 12. Ng5 Ndf6 13. f3 Nh6 14. Kh1 f4 15. Qb3 Kh8 16. a4 Nh5 17. Ne6 Bxe6 18. dxe6 Ng3+ 19. Kg1 Nxf1 20. Bxf1 Qxe6 21. Qxb7 Rab8 22. Qxc7 Rxb2 23. Be1 Rfb8 24. Nb5 Rc8 25. Qxa7 Bf8 26. Rd1 Nf7 27. Nc3 Rxc4 28. Bxc4 Qxc4 29. Qa8 Qc5+ 30. Kh1 Kg7 31. Qd5 Qb4 32. a5 Qa3 33. h3 Be7 34. Rb1 Rc2 35. Qd3 Rc1 36. Rxc1 Qxc1 37. Qb1 Qa3 38. Nd5 Bd8 39. Bb4 Qa4 40. Qe1 Ng5 41. Bxd6 Bxa5 42. Bxe5+ Kg8 43. Qb1 1-0


[Site "https://www.chess.com"]

[Event "Titled Tuesday Blitz May 10 Early 2022"]
[White "Dang, Hoang Son"]
[Black "D`Arruda, Ricardo D."]
[WhiteFideId "12402435"]
[BlackFideId "100692"]
[WhiteElo "2252"]
[BlackElo "2464"]
[Result "0-1"]
[Round "08"]
[TimeControl "180+1"]
[Date "2022.05.11"]
[WhiteClock "0:00:04"]
[BlackClock "0:00:22"]

1. d4 Nf6 2. Bf4 d6 3. e3 g6 4. Nf3 Bg7 5. Bc4 O-O 6. Nc3 Nc6 7. Qe2 Nh5 8. Bg5 h6 9. Bh4 g5 10. Bg3 Nxg3 11. hxg3 e5 12. dxe5 Nxe5 13. Bb3 Bg4 14. O-O-O c6 15. e4 Qe7 16. Qe3 Rfe8 17. Rd2 a6 18. Nd4 Rad8 19. f4 Ng6 20. Qf2 gxf4 21. gxf4 Qf6 22. f5 Ne5 23. Kb1 h5 24. Nde2 b5 25. Nf4 Qg5 26. Qg3 Bh6 27. Rf2 Nc4 28. Bxc4 bxc4 29. Nxh5 Bxh5 30. Qxg5+ Bxg5 31. Rxh5 Bf6 32. Rf4 d5 33. Rg4+ Kf8 34. Kc1 Re5 35. b3 d4 36. Na4 c3 37. Rh3 Rde8 38. Rh6 Rxe4 39. Rxe4 Rxe4 40. Kd1 Bg5 41. Rh1 Rf4 42. Ke2 Rxf5 43. Kd3 Be3 44. b4 Rf2 45. Nc5 Rd2+ 46. Kc4 Rxc2 47. a4 Rb2 48. Nd3 Ra2 49. Kb3 Rxg2 50. a5 Rd2 51. Ne5 c2 52. Rc1 d3 53. Nc4 Rd1 0-1


[Site "https://www.chess.com"]

[Event "Titled Tuesday Blitz May 10 Early 2022"]
[White "Dardha, Daniel"]
[Black "Jumabayev, Rinat"]
[WhiteFideId "240990"]
[BlackFideId "13702661"]
[WhiteElo "2482"]
[BlackElo "2561"]
[Result "1/2-1/2"]
[Round "08"]
[TimeControl "180+1"]
[Date "2022.05.10"]
[WhiteClock "0:00:01"]
[BlackClock "0:00:05"]

1. d4 Nf6 2. Bg5 d5 3. Nd2 c5 4. dxc5 e6 5. e4 Bxc5 6. Ngf3 Qb6 7. Qe2 Nxe4 8. Nxe4 dxe4 9. Qxe4 Qxb2 10. Rd1 Qb4+ 11. Nd2 Nc6 12. Bc4 h6 13. Bf4 O-O 14. O-O Rd8 15. a3 Qc3 16. Bd3 Rxd3 17. cxd3 Qxa3 18. Nc4 Qc3 19. Rc1 Qd4 20. Be3 Qxe4 21. dxe4 Bxe3 22. fxe3 Bd7 23. Nd6 Ne5 24. Rc7 a5 25. Nxf7 Nxf7 26. Rxd7 Ne5 27. Rxb7 a4 28. Ra1 a3 29. Rb3 Nc4 30. Rc3 Ra4 31. Kf2 Kf7 32. Ke2 Kf6 33. Kd3 Ne5+ 34. Kc2 Rxe4 35. Rf1+ Kg5 36. Rf4 a2 37. Kb2 Rxe3 38. Rxe3 Kxf4 39. Rb3 Nc4+ 40. Kxa2 Ne3 41. g3+ Ke4 42. Kb1 Nf1 43. Rb7 g5 44. Rh7 Nxh2 45. Rxh6 Ng4 46. Rxe6+ Kf3 47. Rg6 Kxg3 48. Rxg5 Kf4 49. Rg8 Kf5 50. Kc2 Nf6 51. Rf8 Ke5 52. Kd3 Nd5 53. Re8+ Kf5 54. Kd4 Nf4 55. Rf8+ Kg4 56. Ke4 Ng6 57. Rf5 Nh4 58. Rb5 Nf3 59. Ke3 Ng5 60. Ra5 Nf7 61. Ra7 Ng5 62. Kd4 Kf5 63. Kd5 Kf4 64. Rg7 Nf3 65. Rf7+ Ke3 66. Rf8 Nd2 67. Re8+ Kd3 68. Rh8 Ke3 69. Rh3+ Nf3 70. Rg3 Kf4 71. Rg8 Ke3 72. Rf8 Nd2 73. Re8+ Kd3 74. Ke5 Nc4+ 75. Kf4 Kc3 76. Rd8 Nd2 77. Kf5 Nc4 78. Ke4 Nd2+ 79. Ke3 Nc4+ 80. Ke2 Ne5 81. Rd6 Nc4 82. Rd3+ Kb4 83. Rg3 Kc5 84. Rg4 Kd5 85. Rh4 Ne5 86. Ke3 Nc4+ 87. Kf4 Kd4 88. Rg4 Kd3 89. Rg8 Kd4 90. Rc8 Kd5 91. Rd8+ Kc5 92. Ke4 Nd6+ 93. Ke5 Nf7+ 94. Ke6 Nxd8+ 1/2-1/2


[Site "https://www.chess.com"]

[Event "Titled Tuesday Blitz May 10 Early 2022"]
[White "Demchenko, Anton"]
[Black "Maksimenko, Viktor"]
[WhiteFideId "4160258"]
[BlackFideId "13710478"]
[WhiteElo "2539"]
[BlackElo "2269"]
[Result "1/2-1/2"]
[Round "08"]
[TimeControl "180+1"]
[Date "2022.05.11"]
[WhiteClock "0:00:05"]
[BlackClock "0:00:05"]

1. e4 c6 2. d4 d5 3. e5 Bf5 4. Bd3 Bxd3 5. Qxd3 e6 6. c3 Qb6 7. Ne2 c5 8. O-O Nc6 9. a3 c4 10. Qc2 Nge7 11. Nd2 Na5 12. Rb1 O-O-O 13. b3 cxb3 14. Nxb3 Nxb3 15. Rxb3 Qc7 16. a4 Nc6 17. Ba3 Na5 18. Bxf8 Rhxf8 19. Rb5 b6 20. Qxh7 g6 21. Rb4 Nc6 22. Rbb1 Rh8 23. Qg7 Qe7 24. Qf6 Qxf6 25. exf6 Rh5 26. f4 Kd7 27. Nc1 Rc8 28. Nd3 Na5 29. Ne5+ Ke8 30. Rf3 Nc4 31. Nxc4 Rxc4 32. a5 Rc6 33. g4 Rh4 34. h3 Kd7 35. axb6 Rxb6 36. Rxb6 axb6 37. Kg2 Rh8 38. Kg3 Kc6 39. h4 Kb5 40. f5 gxf5 41. gxf5 exf5 42. Rxf5 Kc4 43. Rf3 b5 44. Kg4 Rg8+ 45. Kh3 Rh8 46. Re3 Rh6 47. Kg4 Rxf6 48. h5 b4 49. cxb4 Kxd4 50. Rf3 Rb6 51. Rxf7 Rxb4 52. Rf4+ Kc3 53. Rxb4 Kxb4 54. h6 d4 55. h7 d3 56. h8=Q d2 57. Qh2 d1=Q+ 58. Kg3 Qd6+ 59. Kh3 Qxh2+ 60. Kxh2 1/2-1/2


[Site "https://www.chess.com"]

[Event "Titled Tuesday Blitz May 10 Early 2022"]
[White "Derraugh, Geordie"]
[Black "Mikhnenko, Alexander"]
[WhiteFideId "2603950"]
[BlackFideId "34143014"]
[WhiteElo "2116"]
[BlackElo "2117"]
[Result "1/2-1/2"]
[Round "08"]
[TimeControl "180+1"]
[Date "2022.05.11"]
[WhiteClock "0:00:10"]
[BlackClock "0:00:12"]

1. e4 c5 2. c3 e6 3. d4 d5 4. exd5 exd5 5. Nf3 Nc6 6. Bb5 Nf6 7. O-O Be7 8. dxc5 Bxc5 9. Bg5 O-O 10. Nbd2 Bg4 11. h3 Bh5 12. Qa4 Qd6 13. Bf4 Qe6 14. Rfe1 Qf5 15. Bxc6 bxc6 16. Re5 Qg6 17. Qxc6 Bxf2+ 18. Kh1 Ne4 19. Qxd5 Bxf3 20. Nxf3 Nf6 21. Qd2 Bb6 22. Rg5 Ne4 23. Rxg6 Nxd2 24. Rxb6 axb6 25. Nxd2 Rfe8 26. Nc4 b5 27. Nd6 Re2 28. Nxb5 Rxb2 29. Nd4 Raxa2 30. Rg1 f6 31. Bd6 Rd2 32. Bb4 Rab2 33. Nf3 Rdc2 34. Kh2 Kf7 35. Kg3 h5 36. h4 g6 37. Kh3 Rf2 38. Kg3 Rfc2 39. Ba5 Ra2 40. Bb4 Rab2 1/2-1/2


[Site "https://www.chess.com"]

[Event "Titled Tuesday Blitz May 10 Early 2022"]
[White "Dmitrenko, Viktor"]
[Black "Cagara, Paulina"]
[WhiteFideId "14110270"]
[BlackFideId "1124870"]
[WhiteElo "2218"]
[BlackElo "1800"]
[Result "0-1"]
[Round "08"]
[TimeControl "180+1"]
[Date "2022.05.11"]
[WhiteClock "0:00:12"]
[BlackClock "0:00:27"]

1. Nf3 f5 2. d4 Nf6 3. g3 g6 4. c3 Bg7 5. Qb3 e6 6. Bg2 O-O 7. O-O d5 8. a4 Nbd7 9. a5 c5 10. Bf4 Ne4 11. Na3 h6 12. Nb5 g5 13. Bc7 Qe7 14. Qc2 a6 15. Na3 Ndf6 16. Be5 Ng4 17. Bxg7 Qxg7 18. c4 cxd4 19. cxd5 exd5 20. Qb3 Be6 21. Nc2 Ne5 22. Ncxd4 Nxf3+ 23. Nxf3 Bf7 24. Rfd1 Rab8 25. Nd4 Qe5 26. Rac1 f4 27. Qb6 fxg3 28. hxg3 Nd6 29. e3 Kh7 30. b3 Bh5 31. Rc7+ Kh8 32. Rdc1 Qf6 33. f4 gxf4 34. exf4 Rg8 35. Rd7 Rxg3 36. Rxd6 Rxg2+ 37. Kxg2 Rg8+ 38. Kf2 Qxf4+ 0-1


[Site "https://www.chess.com"]

[Event "Titled Tuesday Blitz May 10 Early 2022"]
[White "Wagner, Dinara"]
[Black "Shashikant, Kutwal"]
[WhiteFideId "24157570"]
[BlackFideId "5006520"]
[WhiteElo "2216"]
[BlackElo "2321"]
[Result "1-0"]
[Round "08"]
[TimeControl "180+1"]
[Date "2022.05.11"]
[WhiteClock "0:00:22"]
[BlackClock "0:00:01"]

1. d4 d5 2. c4 c6 3. Nf3 Nf6 4. g3 e6 5. Bg2 dxc4 6. a4 Nbd7 7. O-O b6 8. Na3 Ba6 9. Qc2 Rc8 10. Ne5 c5 11. Nc6 Qc7 12. Nb5 Bxb5 13. axb5 a5 14. bxa6 Nd5 15. Ne5 Nxe5 16. dxe5 b5 17. Kh1 Be7 18. Rd1 Qxe5 19. Ra5 O-O 20. Rxb5 Nb4 21. Qe4 Qxe4 22. Bxe4 Nxa6 23. Bb7 Nc7 24. Bxc8 Nxb5 25. Ba6 Nd6 26. Bf4 Rd8 27. Kg2 f6 28. Be3 Ra8 29. Ra1 Nf5 30. Bd2 Nd4 31. Ra2 Nb3 32. Bc3 Kf7 33. Ra3 Nc1 34. Bxc4 Rxa3 35. bxa3 Bd8 36. Bd2 1-0


[Site "https://www.chess.com"]

[Event "Titled Tuesday Blitz May 10 Early 2022"]
[White "Gallego Alcaraz, Andres Felipe"]
[Black "Pinheiro, Iung Alicio de O."]
[WhiteFideId "4402669"]
[BlackFideId "2104350"]
[WhiteElo "2340"]
[BlackElo "2283"]
[Result "0-1"]
[Round "08"]
[TimeControl "180+1"]
[Date "2022.05.11"]
[WhiteClock "0:01:55"]
[BlackClock "0:00:30"]

1. d4 Nf6 2. c4 g6 3. Nf3 Bg7 4. Nc3 d5 5. cxd5 Nxd5 6. e4 Nxc3 7. bxc3 c5 8. Be3 Qa5 9. Qd2 O-O 10. Rc1 Nc6 11. d5 Rd8 12. c4 b6 13. Qxa5 Nxa5 14. Bd3 e6 15. h3 Ba6 16. Nd2 exd5 17. exd5 Rxd5 18. cxd5 Bxd3 19. f3 Rd8 20. Kf2 Rxd5 21. Rhd1 Bb2 22. Ne4 Kg7 23. Rb1 Be5 24. Rd2 Nc4 25. Rdd1 f5 26. Ng5 Nxe3 27. Kxe3 c4 28. Rb4 Bd6 29. Ra4 f4+ 30. Kf2 Rxg5 31. Rxa7+ Kf6 32. Rb7 Bc5+ 33. Ke1 Re5+ 34. Kd2 Re2+ 35. Kc3 Rc2# 0-1


[Site "https://www.chess.com"]

[Event "Titled Tuesday Blitz May 10 Early 2022"]
[White "Gatterer, Florian"]
[Black "Shukhman, Anna"]
[WhiteFideId "811688"]
[BlackFideId "54180058"]
[WhiteElo "2218"]
[BlackElo "1726"]
[Result "1-0"]
[Round "08"]
[TimeControl "180+1"]
[Date "2022.05.11"]
[WhiteClock "0:00:16"]
[BlackClock "0:00:11"]

1. e4 c5 2. Nf3 e6 3. d4 cxd4 4. Nxd4 a6 5. c4 Nf6 6. Nc3 Bb4 7. Qd3 Nc6 8. Nc2 Be7 9. Be2 O-O 10. O-O Qc7 11. b3 b6 12. Bb2 Bb7 13. Rac1 Rad8 14. Qg3 Qxg3 15. hxg3 Ne5 16. Na4 Ng6 17. Nxb6 Nxe4 18. Bf3 d5 19. cxd5 exd5 20. Nd4 Nd2 21. Rfd1 Nxf3+ 22. gxf3 Rfe8 23. Nf5 Bf8 24. Rc7 Ne5 25. Rxb7 Nxf3+ 26. Kf1 d4 27. Nd7 d3 28. Rxd3 Re1+ 29. Kg2 Ng5 30. Re3 Rb1 31. Be5 g6 32. Nxf8 Rdd1 33. Nh6+ Kxf8 34. Rb8+ Ke7 35. Bf4+ Kf6 36. Bxg5+ Kxg5 37. Nxf7+ Kf6 38. Nd8 Rb2 39. Rf3+ Kg7 40. a4 Rbb1 41. Rb7+ Kh6 42. Re3 Rg1+ 43. Kf3 Rgd1 44. Ne6 g5 45. Nf8 Rd5 46. Rxh7# 1-0


[Site "https://www.chess.com"]

[Event "Titled Tuesday Blitz May 10 Early 2022"]
[White "Gurevich, Dmitry"]
[Black "Seo, Jung Min"]
[WhiteFideId "2000407"]
[BlackFideId "1734687"]
[WhiteElo "2506"]
[BlackElo "2401"]
[Result "1-0"]
[Round "08"]
[TimeControl "180+1"]
[Date "2022.05.10"]
[WhiteClock "0:01:58"]
[BlackClock "0:01:15"]

1. d4 Nf6 2. c4 g6 3. Nc3 d5 4. Nf3 Bg7 5. cxd5 Nxd5 6. Bd2 Nb6 7. Bg5 h6 8. Bf4 O-O 9. e3 N8d7 10. Be2 c5 11. dxc5 Nxc5 12. O-O Bf5 13. Nd4 Bd7 14. Nb3 Rc8 15. Bf3 Nxb3 16. axb3 Bc6 17. Rxa7 Qxd1 18. Rxd1 Bxf3 19. gxf3 g5 20. Bg3 e6 21. Rxb7 Rc6 22. Rd6 Rfc8 23. Rxb6 1-0


[Site "https://www.chess.com"]

[Event "Titled Tuesday Blitz May 10 Early 2022"]
[White "Dronavalli, Harika"]
[Black "Navalgund, Niranjan"]
[WhiteFideId "5015197"]
[BlackFideId "5030854"]
[WhiteElo "2382"]
[BlackElo "2290"]
[Result "1-0"]
[Round "08"]
[TimeControl "180+1"]
[Date "2022.05.11"]
[WhiteClock "0:01:48"]
[BlackClock "0:00:06"]

1. e4 e5 2. Nf3 Nc6 3. Nc3 Nf6 4. d4 exd4 5. Nxd4 Bb4 6. Nxc6 bxc6 7. Bd3 O-O 8. O-O d5 9. Bd2 Bxc3 10. Bxc3 dxe4 11. Bxf6 Qxf6 12. Bxe4 Qxb2 13. Bxc6 Rb8 14. Rb1 Qxb1 15. Qxb1 Rxb1 16. Rxb1 Ba6 17. Rb3 Rd8 18. h3 Bc4 19. Rb7 Bxa2 20. Rxa7 Bb1 21. Be4 g6 22. Rxc7 Rd1+ 23. Kh2 Rd2 24. Kg3 Kg7 25. Bd3 h5 26. h4 Rd1 27. Kf3 Rh1 28. g3 Re1 29. Ra7 Rd1 30. Ke2 Rh1 31. Ra1 Kf6 32. Kd2 Ke5 33. c3 Bxd3 34. Rxh1 Bc4 35. Re1+ Kf5 36. Re7 Be6 37. Ke3 Ke5 38. Ra7 Kd5 39. Ra4 Kc5 40. Rb4 Bc4 41. f3 Be6 42. g4 Bd5 43. gxh5 gxh5 44. Rf4 Be6 45. Re4 Kd5 46. c4+ Kc5 47. Re5+ Kxc4 48. Rxh5 Bd5 49. Kf4 Be6 50. Re5 Kd4 51. h5 1-0


[Site "https://www.chess.com"]

[Event "Titled Tuesday Blitz May 10 Early 2022"]
[White "Heinemann, Josefine"]
[Black "Cunha, Lucas Aguiar"]
[WhiteFideId "12900460"]
[BlackFideId "2125404"]
[WhiteElo "2300"]
[BlackElo "2361"]
[Result "1/2-1/2"]
[Round "08"]
[TimeControl "180+1"]
[Date "2022.05.11"]
[WhiteClock "0:00:24"]
[BlackClock "0:01:45"]

1. e4 c5 2. Nf3 e6 3. d4 cxd4 4. Nxd4 Nc6 5. Nc3 Qc7 6. Be2 a6 7. O-O Nf6 8. Be3 Bb4 9. Nxc6 bxc6 10. Na4 O-O 11. Nb6 Rb8 12. Nxc8 Rfxc8 13. Bxa6 Re8 14. Bd3 Bd6 15. f4 e5 16. f5 Rxb2 17. g4 h6 18. h4 Be7 19. g5 Nd5 20. exd5 e4 21. Bxe4 Qg3+ 22. Bg2 Qxe3+ 23. Kh1 hxg5 24. dxc6 dxc6 25. Re1 Qf4 26. Re4 Qxf5 27. Qe2 Kf8 28. Rf1 Qc5 29. Qh5 f6 30. Qh8+ Kf7 31. Qh5+ Kf8 32. Rxf6+ gxf6 33. Qh8+ Kf7 34. Qh7+ Kf8 35. Qh8+ Kf7 36. Qh7+ Kf8 37. Qh8+ 1/2-1/2


[Site "https://www.chess.com"]

[Event "Titled Tuesday Blitz May 10 Early 2022"]
[White "Howell, David W L"]
[Black "Schut, Han"]
[WhiteFideId "410608"]
[BlackFideId "1005561"]
[WhiteElo "2559"]
[BlackElo "2057"]
[Result "1-0"]
[Round "08"]
[TimeControl "180+1"]
[Date "2022.05.11"]
[WhiteClock "0:00:32"]
[BlackClock "0:00:13"]

1. e4 c5 2. Nf3 d6 3. d4 cxd4 4. Nxd4 Nf6 5. Nc3 a6 6. Qd3 g6 7. Bg5 Bg7 8. O-O-O O-O 9. Kb1 Nbd7 10. Be2 Nc5 11. Qe3 Qa5 12. h4 Be6 13. Nb3 Bxb3 14. cxb3 Rfe8 15. f3 Ne6 16. Bxf6 Bxf6 17. Nd5 Bg7 18. Rc1 Rac8 19. Rxc8 Rxc8 20. Nxe7+ Kf8 21. Nxc8 Qc7 22. Rc1 Nc5 23. Nxd6 Qxd6 24. Qxc5 1-0


[Site "https://www.chess.com"]

[Event "Titled Tuesday Blitz May 10 Early 2022"]
[White "Hua, Lefong"]
[Black "Le Ruyet, Leopold"]
[WhiteFideId "2602253"]
[BlackFideId "645923"]
[WhiteElo "2597"]
[BlackElo "2276"]
[Result "1-0"]
[Round "08"]
[TimeControl "180+1"]
[Date "2022.05.11"]
[WhiteClock "0:00:09"]
[BlackClock "0:00:05"]

1. d4 Nf6 2. c4 g6 3. Nc3 d5 4. cxd5 Nxd5 5. e4 Nxc3 6. bxc3 Bg7 7. Nf3 c5 8. Rb1 O-O 9. Be2 b6 10. O-O Nd7 11. Bg5 Bb7 12. Qd3 Re8 13. Qe3 Qc7 14. e5 e6 15. Bh6 Bh8 16. h4 Rac8 17. h5 cxd4 18. cxd4 Qc3 19. hxg6 fxg6 20. Qf4 Qc2 21. Bb5 Re7 22. Rbc1 Qf5 23. Qh4 Rce8 24. Rc7 Bxf3 25. gxf3 Nxe5 26. dxe5 Rxc7 27. Bxe8 Qxf3 28. Qf4 Qxf4 29. Bxf4 Rc4 30. Bg3 Kf8 31. Bb5 Rc5 32. a4 Bxe5 33. Bxe5 Rxe5 34. Rc1 Rc5 35. Rd1 Rd5 36. Re1 Ke7 37. Kg2 Kd6 38. Kf3 Rf5+ 39. Kg3 Rg5+ 40. Kh2 Rh5+ 41. Kg2 Rg5+ 42. Kf1 Rf5 43. Re3 Rc5 44. Rh3 h5 45. Ke2 g5 46. Rxh5 Re5+ 47. Kf1 Kc5 48. Rh7 a5 49. Rc7+ Kb4 50. Rc6 1-0


[Site "https://www.chess.com"]

[Event "Titled Tuesday Blitz May 10 Early 2022"]
[White "Itkis, Boris"]
[Black "Tuleyeva-Aketayeva, Dana"]
[WhiteFideId "1209167"]
[BlackFideId "13701932"]
[WhiteElo "2207"]
[BlackElo "1875"]
[Result "0-1"]
[Round "08"]
[TimeControl "180+1"]
[Date "2022.05.11"]
[WhiteClock "0:02:23"]
[BlackClock "0:02:24"]

1. Nf3 Nf6 2. b3 g6 3. Bb2 Bg7 4. c4 O-O 5. e3 d6 6. d4 c5 7. Nbd2 Nc6 8. dxc5 dxc5 9. Be2 Nb4 10. O-O Nd3 11. Bc3 Nb4 12. a3 Nc6 13. b4 cxb4 14. axb4 Bf5 15. b5 Nb8 16. Nd4 Ne4 17. Bb2 Nxd2 18. Qxd2 e5 19. Nxf5 Qxd2 0-1


[Site "https://www.chess.com"]

[Event "Titled Tuesday Blitz May 10 Early 2022"]
[White "Ivanisevic, Ivan"]
[Black "Khabinets, Ivan"]
[WhiteFideId "912417"]
[BlackFideId "14115980"]
[WhiteElo "2495"]
[BlackElo "2114"]
[Result "0-1"]
[Round "08"]
[TimeControl "180+1"]
[Date "2022.05.11"]
[WhiteClock "0:00:04"]
[BlackClock "0:00:18"]

1. e4 e5 2. Ne2 Nc6 3. f4 Nf6 4. fxe5 Nxe4 5. d3 Nc5 6. d4 Ne4 7. d5 Bc5 8. Qd3 Nf2 9. Qc4 Nxh1 10. Qxc5 Nxe5 11. d6 cxd6 12. Qxd6 Qh4+ 13. Ng3 Kd8 14. Nc3 Nxg3 15. hxg3 Qxg3+ 16. Kd1 Qg4+ 17. Be2 Qe6 18. Qd4 b6 19. Bf4 f6 20. a4 Bb7 21. a5 Re8 22. Kd2 Nc6 23. Qf2 g5 24. Bh2 Nxa5 25. Rd1 Rc8 26. Qg3 Rxc3 27. Kxc3 Qxe2 28. Qc7+ Ke7 29. Rxd7+ Ke6 30. Qd6+ Kf5 0-1


[Site "https://www.chess.com"]